 Dungeon Crawl Stone Soup version 0.16-a0-1340-g52d2f03 (webtiles) character file.

224 Psiweapon the Sneak (level 6, -1/42 HPs)
             Began as an Octopode Assassin on Oct 16, 2014.
             Slain by a giant mite (3 damage)
             ... on level 4 of the Dungeon on Oct 17, 2014.
             The game lasted 00:12:07 (2283 turns).

Psiweapon the Sneak (Octopode Assassin)             Turns: 2283, Time: 00:12:07

Health: -1/42      AC:  1    Str: 13    XL:     6   Next: 0%
Magic:  6/6        EV: 17    Int: 18    God:
Gold:   213        SH:  4    Dex: 18    Spells: 0 memorised, 5 levels left

rFire  . . .     SeeInvis .     m - +1 dagger (venom)
rCold  . . .     Clarity  .     v - +0 buckler
rNeg   + . .     SustAb   .     (helmet restricted)
rPois  +         Gourm    .     j - amulet of warding
rElec  .         Spirit   .     w - ring of stealth
rCorr  .         Warding  +     (no ring)
rMut   .         Stasis   .     (no ring)
MR     +....                    (no ring)
Stlth  +++++++...               (no ring)
                                (no ring)
                                (no ring)
                                (no ring)

@: brilliant, agile, somewhat resistant to hostile enchantments, extremely
stealthy
A: almost no armour, amphibious, 8 rings, constrict 8, camouflage 1, magic
resistance 1, poison resistance, gelatinous body 1, evolution 1
a: no special abilities


You were on level 4 of the Dungeon.
You were not hungry.

You visited 1 branch of the dungeon, and saw 4 of its levels.

You collected 213 gold pieces.

Inventory:

Hand weapons
 a - a +2 dagger
 b - a +0 blowgun
 k - a +2 short sword of holy wrath
 m - a +1 dagger of venom (weapon)
 C - a +1 antimagic dagger
Missiles
 d - 30 stones (quivered)
 e - 8 poisoned needles
 f - 2 curare-tipped needles
Armour
 p - a +0 shield
 v - a +0 buckler (worn)
Jewellery
 j - an amulet of warding (around mantle)
 w - a ring of stealth (left tentacle)
 y - an uncursed amulet of warding
Magical devices
 q - a wand of slowing (10)
Scrolls
 c - 2 scrolls of amnesia
 l - a scroll of remove curse
 B - 2 scrolls of enchant armour {unknown}
 D - a scroll of fog
Potions
 h - a potion of agility
 n - a potion of brilliance
 o - a potion of beneficial mutation {unknown}
 t - a potion of curing {unknown}
 x - a potion of heal wounds {unknown}
 A - a potion of poison {unknown}
Comestibles
 g - 3 bread rations
 r - 2 slices of pizza
 z - a meat ration
 E - 2 rotting chunks of goblin flesh


   Skills:
 + Level 3.0 Fighting
 + Level 2.8 Short Blades
 + Level 2.0 Throwing
 + Level 2.3 Dodging
 + Level 7.8 Stealth
 + Level 0.8 Shields


You had 5 spell levels left.
You didn't know any spells.

Dungeon Overview and Level Annotations

Branches:
Dungeon (4/15)
 Temple: D:4-7

Altars:
Xom

Annotations:
D:4 Blork the orc


Innate Abilities, Weirdness & Mutations

You cannot wear most types of armour.
You are amphibious.
You can wear up to eight rings at the same time.
You can use your tentacles to constrict many enemies at once.
Your skin changes colour to match your surroundings (Stealth).
Your rubbery body absorbs attacks (AC +1).
You are resistant to hostile enchantments.
Your system is resistant to poisons.
You evolve.


Message History

You feel clever all of a sudden.
It was a potion of brilliance.
You constrict the worker ant. The worker ant barely misses you.
Drink which item? (? for menu, Esc to quit)
You feel agile all of a sudden.
It was a potion of agility.
You constrict the worker ant.
You kill the worker ant!
Your Fighting skill increases to level 3!
You have reached level 6!
Your experience leads to an increase in your attributes!
Your base attributes are Str 12, Int 13, Dex 13.
Increase (S)trength, (I)ntelligence, or (D)exterity?
You feel stronger.
Drink which item? (? for menu, Esc to quit)
You feel extremely strange.
You feel resistant to hostile enchantments.
You feel nature experimenting on you.
Don't worry, failures die fast.
You feel resistant to poisons.
It was a potion of mutation.
The giant mite bites you.
You die...

..# #.# #.#####
##.#...######
#........$....
#...(........#
#.####............#
.............#####.
####.##@#.######
#......s......#
#.$......####.####.#..
.......................
##........#.#.#####.#.#.
.............# #.#.#.
##.######.#.## #.#.#. ..
#.#..# #..... #.#..##
#.....


You could see a giant mite.

Vanquished Creatures
  A scorpion (D:4)
  A worker ant (D:4)
  An iguana (D:4)
  Ijyb (D:4)
  Terence (D:3)
  3 adders (D:3)
  A worm (D:3)
  3 giant geckos (D:2)
  4 orcs
  2 giant cockroaches (D:3)
  9 goblins
  7 hobgoblins
  9 kobolds
  A quokka (D:4)
  5 bats
  2 giant newts
  A hobgoblin skeleton (D:4)
  6 rats
58 creatures vanquished.

Notes
Turn   | Place    | Note
--------------------------------------------------------------
     0 | D:1      | Psiweapon, the Octopode Assassin, began the quest for the Orb.
     0 | D:1      | Reached XP level 1. HP: 14/14 MP: 1/1
   157 | D:1      | Reached XP level 2. HP: 16/19 MP: 2/2
   242 | D:1      | Reached skill level 6 in Stealth
   457 | D:1      | Upgraded the game from 0.16-a0-1333-g4c30825 to 0.16-a0-1340-g52d2f03
   759 | D:2      | Reached XP level 3. HP: 24/24 MP: 3/3
  1192 | D:3      | Noticed Terence
  1197 | D:3      | Killed Terence
  1261 | D:3      | Reached XP level 4. HP: 22/30 MP: 4/4
  1353 | D:3      | Found a shimmering altar of Xom.
  1648 | D:3      | Reached skill level 7 in Stealth
  2001 | D:4      | Noticed Ijyb
  2007 | D:4      | Noticed Blork the orc
  2033 | D:4      | Killed Ijyb
  2033 | D:4      | Reached XP level 5. HP: 15/35 MP: 5/5
  2279 | D:4      | HP: 1/36 [worker ant (5)]
  2282 | D:4      | Reached XP level 6. HP: 2/42 MP: 6/6
  2283 | D:4      | Gained mutation: You are resistant to hostile enchantments. [potion of mutation]
  2283 | D:4      | Gained mutation: You evolve. [potion of mutation]
  2283 | D:4      | Gained mutation: Your system is resistant to poisons. [potion of mutation]
  2283 | D:4      | Slain by a giant mite

Action                   |  1- 3 |  4- 6 || total
-------------------------+-------+-------++-------
Melee: Dagger            |    61 |    69 ||   130
       Short sword       |       |     3 ||     3
Throw: Stone             |     3 |       ||     3
Evoke: Wand              |       |     1 ||     1
  Use: Scroll            |     4 |       ||     4
       Potion            |       |     3 ||     3
 Stab: Sleeping          |    14 |     4 ||    18
       Distracted        |     1 |       ||     1
  Eat: Chunk             |     1 |     3 ||     4
